 Dungeon Crawl Stone Soup version 0.26-a0-651-gb41185065b (webtiles) character file.

Game seed: 4972320306986292117

283290 Flugslaktarn the Severer (level 19, -15/193 HPs)
             Began as a Deep Dwarf Fighter on Oct 11, 2020.
             Was the Champion of Makhleb.
             Killed from afar by a black draconian knight (40 damage)
             ... with a bolt of cold
             ... on level 4 of the Realm of Zot.
             The game lasted 00:17:07 (18468 turns).

Flugslaktarn the Severer (Deep Dwarf Fighter)      Turns: 18468, Time: 00:17:07

Health: -15/193    AC: 44    Str: 18    XL:     19   Next: 32%
Magic:  14/14      EV: 11    Int: 11    God:    Makhleb [******]
Gold:   1450       SH: 20    Dex: 21    Spells: 18/18 levels left

rFire    + . .     SeeInvis .   b - +5 broad axe (elec)
rCold    . . .     Faith    .   J - +0 tower shield {AC+3}
rNeg     + . .     Spirit   .   K - +10 plate armour of Sassikh Gism {rCorr Dex+3}
rPois    +         Reflect  .   u - +2 helmet
rElec    +         Harm     .   B - +2 cloak {rCorr}
rCorr    +         Rampage  .   (no gloves)
MR       +++..                  I - +2 pair of boots of Lies {rC+ MR+}
Stlth    ..........             (no amulet)
HPRegen  0.00/turn              v - ring of Moodiness {Fire rElec}
MPRegen  0.14/turn              o - ring of poison resistance

@: non-regenerating
A: damage resistance, heal wounds, rugged brown scales 1, yellow scales 1,
negative energy resistance 1, sense surroundings 3, weak 1, no potion heal 1, no
regeneration
}: 3/15 runes: serpentine, barnacled, abyssal
a: Heal Wounds, Minor Destruction, Lesser Servant of Makhleb, Major Destruction,
Greater Servant of Makhleb, Renounce Religion


You were on level 4 of the Realm of Zot.
You worshipped Makhleb.
Makhleb was exalted by your worship.
You visited 8 branches of the dungeon, and saw 39 of its levels.
You visited the Abyss 1 time.
You also visited: Bailey.

You collected 3664 gold pieces.
You spent 2214 gold pieces at shops.

Inventory:

Hand Weapons
 a - a +5 short sword of distortion
   (You bought it in a shop on level 2 of the Orcish Mines)
 b - a +5 broad axe of electrocution (weapon)
   (You acquired it on level 15 of the Dungeon)
Missiles
 D - 4 throwing nets (quivered)
Armour
 s - +4 storm dragon scales {Bai Suzhen}
   (You found it on level 4 of the Shoals)
 u - a +2 helmet (worn)
   (You found it on level 6 of the Dungeon)
 B - a +2 cloak of preservation (worn)
   (You took it off Maurice on level 9 of the Dungeon)
 I - the +2 pair of boots of Lies (worn) {rC+ MR+}
   (You acquired it on level 15 of the Dungeon)

   It protects you from cold.
   It affects your resistance to hostile enchantments.
 J - a +0 tower shield of protection (worn)
   (You found it on level 3 of the Lair of Beasts)
 K - the +10 plate armour of Sassikh Gism (worn) {rCorr Dex+3}
   (You bought it in a shop on level 8 of the Dungeon)

   It affects your dexterity (+3).
   It provides partial protection from all sources of acid and corrosion.
Jewellery
 c - an uncursed ring of protection from cold
   (You found it on level 1 of the Lair of Beasts)
 o - a ring of poison resistance (right hand)
   (You acquired it on level 2 of the Orcish Mines)
 v - the ring of Moodiness (left hand) {Fire rElec}
   (You found it on level 10 of the Dungeon)

   [ring of fire]

   It enhances your fire magic.
   It protects you from fire.
   It makes you vulnerable to cold.
   It insulates you from electricity.
Wands
 i - a wand of acid (35)
   (You found it on level 9 of the Dungeon)
 H - a wand of paralysis (24)
   (You found it on level 10 of the Dungeon)
 L - a wand of iceblast (43)
   (You found it on level 8 of the Dungeon)
Scrolls
 g - 4 scrolls of immolation
 k - a scroll of holy word
 l - 2 scrolls of magic mapping
 p - 4 scrolls of enchant armour
 t - 10 scrolls of teleportation
 x - 12 scrolls of remove curse
 F - a scroll of fear
 G - a scroll of vulnerability
Potions
 e - 6 potions of flight
 f - 2 potions of lignification
 h - a potion of haste
 j - a potion of cancellation
 m - 3 potions of magic
 n - a potion of resistance
 q - 5 potions of curing
 w - a potion of heal wounds
 y - a potion of berserk rage
 E - 3 potions of mutation
 M - a potion of ambrosia {unknown}
Miscellaneous
 C - a tin of tremorstones (3/3)
   (You found it on level 10 of the Dungeon)


   Skills:
 + Level 15.8 Fighting
 - Level 18.0 Axes
 - Level 16.0 Armour
 + Level 11.4 Dodging
 * Level 15.0 Shields
 - Level 15.0 Invocations
 - Level 10.0 Evocations


You had 18 spell levels left.
You didn't know any spells.
Your spell library was empty.

Dungeon Overview and Level Annotations

Branches:
Dungeon (15/15)            Temple (1/1) D:4            Lair (4/6) D:10
 Shoals (4/4) Lair:4        Snake (4/4) Lair:4          Orc (2/2) D:9
 Vaults (0/5) D:13         Depths (5/5) D:15            Zot (4/5) Depths:5
 Bailey (visited)
    Elf: Orc:2

Altars:
Ashenzari
Cheibriados
Dithmenos
Elyvilon
Fedhas
Gozag
Hepliaklqana
Kikubaaqudgha
Makhleb
Nemelex Xobeh
Okawaru
Qazlal
Ru
Sif Muna
Uskayaw
Vehumet
Wu Jian
Xom
Yredelemnul
Zin
The Shining One
Beogh

Shops:
D:8 [   D:14 ?   D:15 (   Orc:2 *(([   Snake:2 !

Portals:
Pandemonium: Depths:3

Annotations:
D:5 1 runed translucent door, emiel's ghost, weakling TrDe
D:6 1 runed translucent door, Irenicus's ghost, novice DDEE
D:10 3 runed translucent doors, qborf's ghost, novice OpCj
D:11 3 runed translucent doors
Lair:4 exclusion: oklob plant
Depths:1 exclusion: obsidian statue


Innate Abilities, Weirdness & Mutations

You are resistant to damage.
You can heal yourself by infusing magical energy.
You resist negative energy. (rN+)
You passively map a large area around you.
You do not regenerate.
You are partially covered in rugged brown scales. (AC +1, +3% HP)
You are partially covered in yellow scales. (AC +2)
You are weak. (Str -2)
Potions are less effective at restoring your health.


Message History

The curse toe calls on the powers of darkness!
The black draconian convulses!
Your body is wracked with pain!
* * * LOW HITPOINT WARNING * * *
The moth of wrath convulses!
The yellow draconian convulses!
The green draconian convulses!
The moth of wrath convulses!
The green draconian convulses!
You block the wandering mushroom's attack.
The deathcap draws from the surrounding life force!
The wandering mushroom releases spores at you but does no damage.
You slice the curse toe!!
The curse toe is severely damaged.
You hit the wandering mushroom but do no damage.
You slash the wandering mushroom!
Lightning courses through the wandering mushroom!
You destroy the wandering mushroom!
You closely miss something.
You hear some strange, mumbled words.
A bolt of cold appears from out of thin air!
The bolt of cold hits you!!!
You die...

,,,,,,,,,,,,......####,,,,,,,,,*
**,,,,,,,***#........,,,,,,,,,,*
*,,,,,,,* #.......,,,,,,,,,,,*
**,,,,,,,####......,,,,,,,,,,,,*
,,,******#........#*******,,,,,**
,,,* #........# *,,,,,,, ,,,*
****#......ff# *,,,,,,, ,,,*
*,,,####...f.######**,,,,,,, ****
*,,,* ####@)......,,,,****, *,,,*
#z{f.....,,,,* *,
******,,,******#dy......,,,,****,
,,,,***,,,,,,,☼dd.###...******,,,
,,,,* *,,,,,,,..f.# *...* *,,,
,,,,* *,,,,,,○y...# *,..* *,,,
,,,,* *,,,,,y°....# *^,,******,,,
,,*** *,,,*##.$.d## ******,,,,,,,
,,* *,,,* #....# *,,,,,,,


You could see a black draconian (berserk), a yellow draconian (berserk), 2
draconians, a curse toe, 2 deathcaps, 2 moths of wrath and 3 wandering
mushrooms.

Vanquished Creatures
  Bai Suzhen (Shoals:4)
  2 golden dragons (Depths:5)
  A bone dragon (Abyss:4)
  A quicksilver dragon (Zot:1)
  2 death cobs
  2 sphinxes (Depths:3)
  Gastronok (D:9)
  6 nagarajas
  A draconian monk (Zot:2)
  2 shadow dragons
  2 frost giants
  3 draconian scorchers
  A fire giant (Depths:4)
  An orc warlord (Bailey)
  3 draconian shifters
  2 draconian stormcallers
  3 draconian annihilators
  A very ugly thing (Abyss:4)
  2 green draconians
  3 stone giants
  A vampire knight (Depths:4)
  4 black draconians
  6 red draconians
  3 purple draconians
  2 yellow draconians
  4 white draconians
  2 ettins
  A jiangshi (Depths:1)
  3 fire dragons
  2 merfolk javelineers (Shoals:4)
  2 merfolk impalers (Shoals:4)
  2 yaktaur captains (Depths:5)
  3 great orbs of eyes
  Harold (D:10)
  A vault guard (D:13)
  3 ice dragons
  4 rakshasas
  A hydra (D:15)
  2 catoblepae
  An alligator snapping turtle (Shoals:4)
  11 naga warriors
  An anaconda (shapeshifter) (Depths:3)
  4 merfolk aquamancers
  A merfolk avatar (Shoals:4)
  A satyr (Shoals:4)
  5 anacondas
  Erolcha (D:9)
  2 centaur warriors
  11 two-headed ogres
  5 deep troll shamans
  5 ogre magi
  A vampire mage (Depths:3)
  3 death yaks (D:10)
  Urug (D:10)
  3 tengu warriors
  8 thrashing horrors (Abyss:4)
  9 orc high priests
  2 spriggan berserkers
  3 shock serpents
  9 naga sharpshooters
  3 deep troll earth magi (Depths:3)
  A shock serpent (shapeshifter) (Depths:1)
  7 hell knights (Depths:1)
  A deep elf knight (D:10)
  3 skeletal warriors (D:13)
  3 salamander mystics
  An iron troll (Depths:3)
  3 deep trolls (Depths:3)
  4 glowing orange brains
  8 sea snakes
  A spatial maelstrom (Abyss:3)
  3 wizards
  9 naga ritualists
  3 unseen horrors
  8 phantasmal warriors
  Pikel (D:7)
  A harpy (Shoals:4)
  2 necromancers (Depths:1)
  An orc knight (Bailey)
  A tengu skeleton (Depths:1)
  A fire giant zombie (Depths:1)
  A frost giant zombie (Depths:1)
  11 mana vipers
  2 wolf spider zombies
  10 manticores
  3 fauns (Shoals:3)
  9 ugly things
  6 salamanders
  2 orc sorcerers
  3 guardian serpents
  3 centaur zombies
  A cyclops (D:14)
  4 merfolk sirens
  Maurice (D:9)
  18 naga magi
  An orange demon (Depths:1)
  An apocalypse crab (Abyss:4)
  An eye of devastation (Abyss:3)
  4 water nymphs
  5 elephants (Lair:3)
  29 black mambas
  3 gargoyles
  5 centaur skeletons
  4 cane toads
  4 yaktaurs
  A kobold demonologist (D:14)
  A freezing wraith (D:10)
  A demonic crawler (Abyss:4)
  3 komodo dragons
  2 tengu conjurers
  6 merfolk
  3 wind drakes
  9 trolls
  A polar bear (Lair:4)
  6 blink frogs
  4 hornets
  27 slime creatures
  2 ettin zombies (Depths:1)
  2 raiju (Abyss:4)
  10 hippogriffs
  2 meliai zombies
  5 snapping turtles
  4 dream sheep (Lair:4)
  3 spriggans (Depths:3)
  A ynoxinul (Abyss:5)
  19 flying skulls
  2 shadows
  3 wraiths
  4 fire bats (Abyss:4)
  14 water elementals
  A wyvern (D:11)
  A fire dragon skeleton (Depths:1)
  3 yaks (Lair:3)
  8 large abominations
  4 vampire mosquitoes
  A basilisk (Lair:2)
  A chaos spawn (Abyss:4)
  A steam dragon (D:8)
  6 neqoxecs (Abyss:4)
  7 wargs (Orc:2)
  2 spatial vortices (Abyss:3)
  24 nagas
  6 water moccasins
  3 acid dragons
  10 porcupines
  6 ice beasts
  4 black bears
  20 orc warriors
  17 starcursed masses (Abyss:4)
  21 ogres
  6 sky beasts
  A black bear (shapeshifter) (Depths:2)
  A wolf (Lair:4)
  3 boggarts (Depths:3)
  3 phantoms
  2 small abominations (Abyss:4)
  14 centaurs
  2 lemures (D:7)
  2 crocodiles (Lair:1)
  A big kobold (D:14)
  19 bullfrogs
  3 wyvern zombies
  A wyvern skeleton (D:13)
  3 scorpions
  11 killer bees
  11 wights
  6 howler monkeys
  A lava snake (D:11)
  2 quasits
  2 bullfrog zombies (D:13)
  4 hounds
  An iron imp (Abyss:4)
  A gnoll shaman (D:5)
  23 orc priests
  6 jellies
  3 orc wizards
  Jessica (D:2)
  4 iguanas
  4 bullfrog skeletons
  A hell rat (D:10)
  8 worker ants
  2 hound skeletons
  A howler monkey zombie (D:9)
  A worker ant zombie (D:5)
  17 gnolls
  10 adders
  A river rat (D:10)
  A shadow imp (D:8)
  4 white imps
  2 ufetubi
  An ooze (D:3)
  An adder zombie (D:5)
  2 adder skeletons
  A worm (D:4)
  2 dart slugs
  3 leopard geckos
  61 orcs
  A giant cockroach (D:1)
  17 goblins
  18 hobgoblins
  8 jackals
  3 quokkas
  3 bats (D:1)
  A frilled lizard (D:2)
  2 jackal skeletons (D:4)
  5 kobolds
  A quokka zombie (D:8)
  7 rats
977 creatures vanquished.

Vanquished Creatures (collateral kills)
  A nagaraja (Snake:4)
  A merfolk impaler (Shoals:4)
  A hydra (Lair:1)
  5 naga warriors (Snake:4)
  2 anacondas (Snake:4)
  5 naga sharpshooters (Snake:4)
  A salamander mystic (Snake:4)
  3 naga ritualists (Snake:4)
  2 mana vipers (Snake:4)
  5 salamanders (Snake:4)
  A black mamba (Snake:4)
  3 naga magi
  12 nagas
  3 orc warriors (Bailey)
  An orc (Bailey)
  A goblin (Bailey)
47 creatures vanquished.

Vanquished Creatures (others)
  A moth of wrath (Zot:4)
  A naga mage (Snake:4)
  A boggart (Depths:3)
  A howler monkey (D:11)
  An orc (D:8)
  6 fungi
  47 plants
  2 withered plants (D:6)
60 creatures vanquished.

Grand Total: 1084 creatures vanquished

Notes
Turn   | Place    | Note
-------+----------+-------------------------------------------
     0 | D:1      | Flugslaktarn the Deep Dwarf Fighter began the quest for the
                  | Orb.
     0 | D:1      | Reached XP level 1. HP: 20/20 MP: 1/1
    70 | D:1      | Reached XP level 2. HP: 21/27 MP: 2/2
   492 | D:2      | Noticed Jessica
   500 | D:2      | Killed Jessica
   500 | D:2      | Reached skill level 3 in Axes
   500 | D:2      | Reached XP level 3. HP: 12/34 MP: 3/3
   565 | D:3      | Reached XP level 4. HP: 37/42 MP: 4/4
   637 | D:5      | Entered Level 5 of the Dungeon
   637 | D:5      | Found a stormy altar of Qazlal.
   637 | D:5      | Noticed an air elemental
   679 | D:4      | Noticed a phantom
   710 | D:4      | Killed a phantom
   710 | D:4      | Reached skill level 4 in Axes
   710 | D:4      | Reached XP level 5. HP: 28/50 MP: 5/5
   721 | D:4      | Found a staircase to the Ecumenical Temple.
   807 | D:4      | Noticed an ogre
   824 | D:4      | Killed an ogre
   824 | D:4      | Reached XP level 6. HP: 49/58 MP: 3/3
   875 | Temple   | Entered the Ecumenical Temple
   921 | Temple   | Became a worshipper of Makhleb the Destroyer
  1395 | D:5      | Noticed emiel's ghost (weakling TrDe)
  1396 | D:5      | Found a runed translucent door.
  1454 | D:5      | Reached skill level 1 in Invocations
  1643 | D:5      | Noticed a water elemental
  1829 | D:5      | Reached skill level 5 in Axes
  1830 | D:5      | Reached XP level 7. HP: 45/66 MP: 4/4
  1854 | D:5      | Reached skill level 1 in Dodging
  1890 | D:5      | Noticed a fire elemental
  1994 | D:6      | Found a blossoming altar of Fedhas.
  2079 | D:6      | Reached skill level 5 in Fighting
  2128 | D:6      | Found a runed translucent door.
  2129 | D:6      | Noticed Irenicus's ghost (novice DDEE)
  2371 | D:6      | Reached skill level 5 in Armour
  2498 | D:6      | Reached skill level 6 in Axes
  2498 | D:6      | Reached XP level 8. HP: 42/75 MP: 5/5
  2681 | D:7      | Noticed a two-headed ogre
  2698 | D:7      | Killed a two-headed ogre
  2698 | D:7      | Reached skill level 7 in Axes
  2733 | D:7      | Noticed Pikel
  2743 | D:7      | Gained mutation: You passively map the area around you.
                  | [Deep Dwarf growth]
  2743 | D:7      | Reached XP level 9. HP: 46/85 MP: 6/6
  2759 | D:7      | Killed Pikel
  2777 | D:7      | Reached skill level 5 in Invocations
  2987 | D:7      | Reached * piety under Makhleb
  2987 | D:7      | Reached skill level 8 in Axes
  3676 | D:8      | Found Apradan's Armour Shoppe.
  3762 | D:8      | Reached skill level 5 in Dodging
  3783 | D:8      | Reached XP level 10. HP: 76/94 MP: 8/8
  3876 | D:8      | Reached ** piety under Makhleb
  3893 | D:8      | Reached XP level 11. HP: 66/102 MP: 8/8
  4074 | D:8      | Found a glowing golden altar of the Shining One.
  4241 | D:9      | Found a staircase to the Orcish Mines.
  4255 | D:9      | Noticed a white ugly thing
  4266 | D:9      | Noticed Erolcha
  4278 | D:9      | Killed a white ugly thing
  4278 | D:9      | Reached skill level 9 in Axes
  4279 | D:9      | Killed Erolcha
  4287 | D:9      | Noticed Maurice
  4328 | D:9      | Killed Maurice
  4334 | D:9      | Noticed Gastronok
  4371 | D:9      | Killed Gastronok
  4405 | D:9      | Found a flagged portal.
  4494 | Bailey   | Entered a bailey
  4536 | Bailey   | Reached *** piety under Makhleb
  4590 | Bailey   | Noticed an orc knight
  4597 | Bailey   | Reached skill level 10 in Axes
  4609 | Bailey   | Killed an orc knight
  4682 | Bailey   | Reached **** piety under Makhleb
  4694 | Bailey   | Noticed an orc warlord
  4736 | Bailey   | Killed an orc warlord
  4736 | Bailey   | Reached skill level 1 in Evocations
  4888 | D:9      | Identified 2 scrolls of acquirement
  4888 | D:9      | Acquired 461 gold pieces
  5050 | D:9      | Got a distressingly furry cloak
  5061 | D:9      | Identified the +1 cloak "Lihafua" {Dex+4} (You found it on
                  | level 9 of the Dungeon)
  5397 | D:10     | Entered Level 10 of the Dungeon
  5456 | D:10     | Noticed a death yak
  5456 | D:10     | Noticed a death yak
  5458 | D:10     | Found a staircase to the Lair.
  5458 | D:10     | Noticed a death yak
  5469 | D:10     | Reached XP level 12. HP: 111/114 MP: 8/8
  5476 | D:10     | Killed a death yak
  5480 | D:10     | Killed a death yak
  5481 | D:10     | Killed a death yak
  5698 | D:10     | Reached skill level 11 in Axes
  5761 | D:10     | Noticed a two-headed ogre
  5771 | D:10     | Killed a two-headed ogre
  5790 | D:10     | Found a burning altar of Makhleb.
  5794 | D:10     | Got a pitted platinum ring
  5879 | D:10     | Noticed Harold
  5879 | D:10     | Noticed Urug
  5894 | D:10     | Killed Harold
  5902 | D:10     | Killed Urug
  5902 | D:10     | Reached skill level 10 in Fighting
  5983 | D:10     | Found a runed translucent gate.
  5984 | D:10     | Found a runed translucent gate.
  5984 | D:10     | Noticed qborf's ghost (novice OpCj)
  5985 | D:10     | Found a runed translucent gate.
  6237 | D:11     | Noticed an ogre mage
  6266 | D:11     | Reached ***** piety under Makhleb
  6293 | D:11     | Killed an ogre mage
  6293 | D:11     | Reached skill level 5 in Evocations
  6313 | D:11     | Noticed a two-headed ogre
  6329 | D:11     | Killed a two-headed ogre
  6445 | D:11     | Reached XP level 13. HP: 87/123 MP: 10/10
  6488 | D:11     | Found a runed translucent gate.
  6489 | D:11     | Found a runed translucent gate.
  6489 | D:11     | Found a runed translucent gate.
  7409 | D:12     | Reached skill level 12 in Axes
  7824 | D:13     | You fall into a shaft and drop 1 floor!
  8147 | D:14     | Found Irilo's Magic Scroll Shoppe.
  8152 | D:14     | Bought a scroll of enchant weapon for 97 gold pieces
  8586 | D:15     | Entered Level 15 of the Dungeon
  8628 | D:15     | Reached skill level 10 in Invocations
  8795 | D:15     | Found Taru's Weapon Shop.
  9056 | D:15     | Found a shadowy altar of Dithmenos.
  9187 | D:15     | Gained mutation: You resist negative energy. (rN+) [Deep
                  | Dwarf growth]
  9187 | D:15     | Reached XP level 14. HP: 89/135 MP: 12/12
  9196 | D:15     | Reached skill level 13 in Axes
  9364 | D:15     | Found a staircase to the Depths.
  9467 | D:15     | Acquired the +2 pair of boots of Lies {rC+ MR+}
  9468 | D:15     | Acquired 1258 gold pieces
  9469 | D:15     | Acquired a +2 broad axe of electrocution
  9474 | D:15     | Identified the ring of Moodiness {Fire rElec} (You found it
                  | on level 10 of the Dungeon)
  9599 | D:13     | Reached ****** piety under Makhleb
 10186 | D:13     | Found a gate to the Vaults.
 10422 | D:8      | Bought the +10 plate armour of Sassikh Gism {rCorr Dex+3}
                  | for 1010 gold pieces
 10501 | Lair:1   | Entered Level 1 of the Lair of Beasts
 12159 | Lair:4   | Reached skill level 5 in Shields
 12228 | Lair:4   | Found a staircase to the Snake Pit.
 12274 | Lair:4   | Found a staircase to the Shoals.
 12603 | Shoals:1 | Entered Level 1 of the Shoals
 12740 | Shoals:2 | Reached skill level 14 in Axes
 12767 | Shoals:2 | Reached XP level 15. HP: 122/146 MP: 12/12
 13053 | Shoals:3 | Got a fading battleaxe
 13054 | Shoals:3 | Identified the cursed +1 battleaxe of Infection {holy, +Inv
                  | rF- Int+9} (You found it on level 3 of the Shoals)
 13136 | Shoals:4 | Entered Level 4 of the Shoals
 13309 | Shoals:4 | Noticed Bai Suzhen
 13341 | Shoals:4 | Killed Bai Suzhen
 14044 | Shoals:4 | Got a barnacled rune of Zot
 14339 | Orc:1    | Entered Level 1 of the Orcish Mines
 14423 | Orc:2    | Entered Level 2 of the Orcish Mines
 14460 | Orc:2    | Reached skill level 10 in Evocations
 14467 | Orc:2    | Found Bunlatos's Weapon Shoppe.
 14492 | Orc:2    | Found Coatrozo's Armour Boutique.
 14545 | Orc:2    | Found a roughly hewn altar of Beogh.
 14573 | Orc:2    | Found Oblam's Weapon Boutique.
 14575 | Orc:2    | Found Ikhlamaf's General Store.
 14602 | Orc:2    | Bought a scroll of acquirement for 624 gold pieces
 14611 | Orc:2    | Acquired an uncursed ring of poison resistance
 14859 | Snake:1  | Entered Level 1 of the Snake Pit
 14902 | Snake:1  | Reached skill level 15 in Axes
 15003 | Snake:1  | Reached skill level 15 in Armour
 15006 | Snake:1  | Reached XP level 16. HP: 157/157 MP: 0/13
 15594 | Snake:2  | Found Dadd's Distillery.
 15690 | Snake:4  | Entered Level 4 of the Snake Pit
 15822 | Snake:4  | Reached skill level 10 in Shields
 15860 | Snake:4  | Reached skill level 16 in Axes
 15887 | Snake:4  | Reached XP level 17. HP: 166/166 MP: 14/14
 15950 | Snake:4  | Got a serpentine rune of Zot
 16324 | Orc:2    | Bought a +5 short sword of distortion for 483 gold pieces
 16470 | D:15     | Gained mutation: Your mind is acute. (Int +2) [mutagenic
                  | glow]
 16491 | D:15     | Cast into level 3 of the Abyss (unwielding a weapon of
                  | distortion)
 16687 | Abyss:4  | Noticed a bone dragon
 16709 | Abyss:4  | Killed a bone dragon
 16802 | Abyss:4  | Gained mutation: You are weak. (Str -2) [a neqoxec]
 16805 | Abyss:4  | Paralysed by accursed screaming for 1 turns
 16807 | Abyss:4  | Gained mutation: Your body sometimes deteriorates upon
                  | taking damage. [a neqoxec]
 16812 | Abyss:4  | Gained mutation: You are partially covered in rugged brown
                  | scales. (AC +1, +3% HP) [a neqoxec]
 16813 | Abyss:4  | Paralysed by accursed screaming for 1 turns
 16853 | Abyss:4  | Gained mutation: Armour fits poorly on your strangely
                  | shaped body. [a neqoxec]
 16899 | Abyss:4  | Got an abyssal rune of Zot
 17001 | Abyss:5  | Entered Level 5 of the Abyss
 17097 | D:15     | Escaped the Abyss
 17100 | D:15     | Lost mutation: Your body sometimes deteriorates upon taking
                  | damage. [potion of mutation]
 17100 | D:15     | Lost mutation: Armour fits poorly on your strangely shaped
                  | body. [potion of mutation]
 17100 | D:15     | Lost mutation: Your mind is acute. (Int +2) [potion of
                  | mutation]
 17100 | D:15     | Gained mutation: Potions are less effective at restoring
                  | your health. [potion of mutation]
 17100 | D:15     | Gained mutation: You are partially covered in yellow
                  | scales. (AC +2) [potion of mutation]
 17158 | Depths:1 | Entered Level 1 of the Depths
 17241 | Depths:1 | Paralysed by a floating eye for 3 turns
 17252 | Depths:1 | Reached skill level 17 in Axes
 17414 | Depths:1 | Gained mutation: You passively map a large area around you.
                  | [Deep Dwarf growth]
 17414 | Depths:1 | Reached XP level 18. HP: 182/182 MP: 16/16
 17441 | Depths:1 | Reached skill level 15 in Fighting
 17587 | Depths:3 | Found a one-way gate leading to the halls of Pandemonium.
 17639 | Depths:3 | Reached skill level 10 in Dodging
 17894 | Depths:5 | Entered Level 5 of the Depths
 17925 | Depths:5 | Reached skill level 15 in Invocations
 18011 | Depths:5 | Noticed a golden dragon
 18011 | Depths:5 | Noticed a golden dragon
 18043 | Depths:5 | Killed a golden dragon
 18067 | Depths:5 | Killed a golden dragon
 18072 | Depths:5 | Found a gate to the Realm of Zot.
 18085 | Zot:1    | Entered Level 1 of the Realm of Zot
 18161 | Zot:2    | Reached XP level 19. HP: 136/191 MP: 15/15
 18305 | Zot:3    | Reached skill level 18 in Axes
 18332 | Zot:4    | Noticed a curse toe
 18351 | Zot:3    | Reached skill level 15 in Shields
 18468 | Zot:4    | Killed from afar by a black draconian knight

Illustrated notes

Levels and vault maps discovered:
D:1:      elethiomel_arrival_diamonds, layout_loops_corners
D:2:      layout_loops_cross, uniq_sigmund, uniq_jessica, uniq_natasha
D:3:      layout_loops_ring, lemuel_crystal_altar
D:4:      layout_gridville, temple_statues
D:5:      layout_loops_ring, hellmonk_ghost_happy_afterlife,
          nicolae_qazlal_style_of_elements
D:6:      layout_gridville, gammafunk_ghost_grave, fedhas_ov_isle_minmay
D:7:      layout_basic, uniq_pikel
D:8:      layout_cave_pools, serial_shops, nicolae_shop_behind_doors,
          nicolae_tso_swordbearing_angel
D:9:      layout_loops_cross, orc_0_dummy, enter_bailey_6,
          minmay_fractal_squares_gapless_5, uniq_gastronok, uniq_erolcha,
          uniq_maurice
D:10:     minmay_the_grid_four_pointed_star_mashed
          [minmay_the_grid_triangle_9x9_windchime,
          minmay_the_grid_triangle_9x9_intruding_spiral,
          minmay_the_grid_triangle_9x9_shrine,
          minmay_the_grid_triangle_9x9_semitri,
          minmay_the_grid_prize_four_corners_diamond_a], layout_rooms,
          dpeg_lair_monsters, gammafunk_ghost_nasty_kobolds, sword_in_stone
D:11:     layout_roguey, ploomutoo_gammafunk_ghost_potion_laboratory,
          kennysheep_minor_cross, minmay_pinched_square
D:12:     layout_basic
D:13:     layout_loops_cross, david_vaults_5
D:14:     layout_loops_ring, minmay_hedge_maze, serial_shops,
          nicolae_shop_stone, minivault_1
D:15:     grunt_enter_depths_magical_seal, layout_loops_ring,
          chequers_serial_rivers_micro_a, serial_shops, shop,
          grunt_dithmenos_shadows
Temple:   grunt_wide_crystal_templ
Lair:1:   layout_regular_city, serial_bayou_crossing
Lair:2:   layout_roguey, lemuel_fruit_tree
Lair:3:   layout_chaotic_city
Lair:4:   minmay_lair_oklob_tunnel, layout_long_grid, shoals_dummy_entry,
          minmay_snake_entry_guardpost_small
Shoals:1: layout_shoals, uniq_donald
Shoals:2: layout_shoals
Shoals:3: layout_shoals, nicolae_shoals_seven_spires
Shoals:4: shoals_end_simple, layout_shoals, nicolae_shoals_dead_sea_scrolls,
          uniq_bai_suzhen
Snake:1:  layout_rooms
Snake:2:  layout_misc_corridors, serial_shops, shop
Snake:3:  layout_gridlike
Snake:4:  snake_pit, layout_rooms, grunt_megastairs_4
Orc:1:    layout_caves, nicolae_orc_damp_corner, uniq_erica
Orc:2:    st_orc_town, layout_caves
Depths:1: lemuel_vampire_tower, layout_long_grid, lightli_too_deep,
          hangedman_abyss_or_decor_slice, hangedman_devilish_allure,
          firewood_loft, serial_bayou_shore_a
Depths:2: kennysheep_oblong_rooms, layout_cave_shapes, pf_hell_entry_tar_spiral,
          rand_demon_pan_entry_4, minmay_staircase_statues_hall_small
Depths:3: kennysheep_scales, layout_cave_pools, pan_entry, serial_shops, shop,
          hellmouth_1, bh_walls_and_bars, minmay_staircase_statues, uniq_mara
Depths:4: kennysheep_blocky_hall, layout_basic, nicolae_wwwww, hell_entry,
          rand_demon_pan_entry_5, nicolae_abyss_entry_one_way_or_another,
          minivault_14, lemuel_nasty_fountain
Depths:5: grunt_zot_entry_gee_three, layout_cave_pools, enter_ziggurat_f,
          special_room [special_room_mythical_zoo],
          chequers_serial_rivers_small_a, grunt_hell_entry_dis_grunt,
          rand_demon_pan_entry_9, lightli_giant_bouncers
Zot:1:    layout_gridville, zot_minivault_2
Zot:2:    layout_twisted_circle
Zot:3:    layout_misc_corridors
Zot:4:    layout_cellular_growth, nrook_zot_tub

Skill      XL: |  1  2  3  4  5  6  7  8  9 10 11 12 13 14 15 16 17 18 19 |
---------------+----------------------------------------------------------+-----
Fighting       | 3 4 5 6 7 9 10 11 12 13 14 15 | 15.8
Axes           | 3 4 5 6 7 8 10 11 12 14 15 16 17 18 | 18.0
Armour         | 4 5 12 13 14 15 16 | 16.0
Shields        | 4 5 8 10 12 14 15 | 15.0
Invocations    | 1 3 4 5 6 7 9 10 11 12 13 14 15 | 15.0
Dodging        | 2 3 5 6 7 8 9 10 11 | 11.4
Evocations     | 2 5 7 9 10 | 10.0

Action                   |  1- 3 |  4- 6 |  7- 9 | 10-12 | 13-15 | 16-18 | 19-21 || total
-------------------------+-------+-------+-------+-------+-------+-------+-------++-------
Melee: War axe           |    76 |    99 |   274 |   560 |   531 |       |       ||  1540
       Broad axe         |       |       |       |       |   899 |  1268 |   139 ||  2306
Invok: Lesser Servant of |       |       |       |     2 |     4 |       |       ||     6
       Greater Servant o |       |       |       |       |     1 |     4 |       ||     5
 Abil: Heal Wounds       |     1 |     3 |    17 |    10 |    21 |    21 |     8 ||    81
Evoke: Wand              |       |       |       |     2 |     5 |       |       ||     7
       Tin of tremorston |       |       |       |       |     5 |     4 |       ||     9
  Use: Scroll            |       |       |    14 |     4 |    20 |     6 |     1 ||    45
       Potion            |       |       |     4 |     2 |     1 |     4 |     1 ||    12
 Stab: Distracted        |       |       |       |       |     1 |     4 |       ||     5
       Petrifying        |       |       |       |       |       |     3 |       ||     3
       Petrified         |       |       |       |       |       |     2 |       ||     2
       Confused          |       |       |       |       |       |       |     2 ||     2
Armor: Scale mail        |    31 |    20 |    14 |       |       |       |       ||    65
       Chain mail        |       |       |   188 |       |       |       |       ||   188
       Plate armour      |       |       |       |   434 |  1050 |  1014 |    93 ||  2591
Dodge: Dodged            |    22 |    29 |   116 |   213 |   548 |   461 |    49 ||  1438
Block: Kite shield       |    54 |    45 |   207 |   371 |   400 |       |       ||  1077
       Tower shield      |       |       |       |       |   680 |  1421 |   123 ||  2224

Table legend: (Time is in decaauts)
 A = Elapsed time spent in this place.
 B = Non-inter-level travel time spent in this place.
 C = Inter-level travel time spent in this place.
 D = Time resting spent in this place.
 E = Time spent auto-exploring this place.
 F = Levels seen in this place.
 G = Mean time per level.
                   A        B        C        D        E       F      G
               +--------+--------+--------+--------+--------+-----+--------+
         Total |  19068 |  17128 |   1940 |    193 |  10760 |  43 |  443.4 |
       Dungeon |  11183 |  10083 |   1100 |     35 |   7267 |  15 |  745.5 |
        Temple |     55 |     33 |     22 |      0 |     31 |   1 |   55.0 |
          Lair |   2335 |   2001 |    334 |      0 |   1672 |   4 |  583.8 |
        Shoals |   1743 |   1562 |    181 |     70 |    790 |   4 |  435.8 |
     Snake Pit |   1245 |   1097 |    148 |      0 |    531 |   4 |  311.2 |
  Orcish Mines |    433 |    319 |    114 |      0 |     71 |   2 |  216.5 |
        Depths |    845 |    822 |     23 |      0 |    135 |   5 |  169.0 |
           Zot |    343 |    327 |     16 |     88 |      0 |   4 |   85.8 |
         Abyss |    535 |    535 |      0 |      0 |    163 |   3 |  178.3 |
        Bailey |    348 |    348 |      0 |      0 |     97 |   1 |  348.0 |
               +--------+--------+--------+--------+--------+-----+--------+

Top non-repeatable levels by time:
Shoals:4: 1136 daAuts
    D:15: 1104 daAuts
     D:9: 1087 daAuts
    D:10: 1032 daAuts
    D:12: 1006 daAuts
     D:7: 980 daAuts
    D:13: 920 daAuts
    D:14: 831 daAuts
    D:11: 798 daAuts
  Lair:4: 751 daAuts
  Lair:3: 748 daAuts
     D:6: 727 daAuts
     D:4: 702 daAuts
     D:8: 701 daAuts
     D:5: 653 daAuts
